 Dungeon Crawl Stone Soup version 0.24.1-14-gf8d2b509d9 (console) character file.

Game seed: 16294866800334519156, levelgen mode: deterministic

6121 Kagalorn the Timeless (level 10, 0/93 HPs)
             Began as a Minotaur Wanderer on Feb 25, 2021.
             Was a High Priest of Cheibriados.
             Slain by a very large slime creature (31 damage)
             ... on level 11 of the Dungeon.
             The game lasted 00:21:22 (8817 turns).

Kagalorn the Timeless (Minotaur Wanderer)           Turns: 8817, Time: 00:21:22

Health: 0/93       AC: 20    Str: 31    XL:     10   Next: 59%
Magic:  17/17      EV:  8    Int: 22    God:    Cheibriados [*****.]
Gold:   81         SH:  6    Dex: 25    Spells: 8/9 levels left

rFire    . . .     SeeInvis .   a - +4 flail
rCold    . . .     Gourm    .   i - +0 buckler
rNeg     . . .     Faith    .   b - +0 plate armour (curse)
rPois    .         Spirit   .   (helmet restricted)
rElec    .         Reflect  .   F - scarf {repulsion}
rCorr    .         Harm     .   (no gloves)
MR       .....                  (no boots)
Stlth    ..........             x - amulet of regeneration
HPRegen  0.65/turn              o - +3 ring of protection
MPRegen  0.15/turn              S - +3 ring of protection

@: repel missiles, very slow
A: retaliatory headbutt, horns 2
a: Bend Time, Temporal Distortion, Slouch, Step From Time, Renounce Religion


You were on level 11 of the Dungeon.
You worshipped Cheibriados.
Cheibriados was extremely pleased with you.
You were not hungry.

You visited 2 branches of the dungeon, and saw 12 of its levels.
You also visited: Sewer and Ossuary.

You collected 519 gold pieces.
You spent 438 gold pieces at shops.

Inventory:

Hand Weapons
 a - a +4 flail (weapon)
Missiles
 d - 3 throwing nets
 j - 270 stones
 k - 5 javelins
 m - 135 arrows
 q - 50 sling bullets
 J - 15 poisoned darts (quivered)
 N - 42 bolts
 R - 8 boomerangs
Armour
 b - a cursed +0 plate armour (worn)
 i - a +0 buckler (worn)
 F - a scarf of repulsion (worn)
Jewellery
 o - a +3 ring of protection (left hand)
 p - an uncursed ring of protection from fire
 u - an uncursed ring of protection from magic
 x - an amulet of regeneration (around neck)
 S - a +3 ring of protection (right hand)
Wands
 g - a wand of flame (4)
 B - a wand of digging (2)
 G - a wand of polymorph (3)
 V - a wand of enslavement (6)
 W - a wand of iceblast (9)
Scrolls
 h - 4 scrolls of remove curse {unknown}
 l - 7 scrolls of teleportation
 r - a scroll of enchant weapon {unknown}
 v - a scroll of magic mapping {unknown}
 y - 2 scrolls of random uselessness {unknown}
 z - 2 scrolls of noise {unknown}
 C - 2 scrolls of fog {unknown}
 H - 2 scrolls of enchant armour {unknown}
 L - 2 scrolls of vulnerability {unknown}
 O - 2 scrolls of amnesia {unknown}
 P - a scroll of summoning {unknown}
 U - a scroll of blinking {unknown}
Potions
 c - 6 potions of flight
 e - 4 potions of agility
 n - 2 potions of lignification
 s - 5 potions of brilliance {unknown}
 t - 2 potions of cancellation
 w - a potion of haste
 A - 8 potions of curing
 D - a potion of invisibility
 E - 3 potions of might
 I - 3 potions of heal wounds
 K - a potion of ambrosia
 M - 2 potions of magic
 Q - a potion of resistance
Comestibles
 f - 16 rations


   Skills:
 - Level 10.0 Fighting
 - Level 1.2 Maces & Flails
 - Level 10.0 Armour
 - Level 4.0 Shields
   Level 2.1 Ice Magic
 * Level 10.6 Invocations
 - Level 1.0 Evocations


You had 8 spell levels left.
You knew the following spells:

 Your Spells              Type           Power        Failure   Level  Hunger
a - Sandblast             Erth           #.....       75%         1    ##.....

Your spell library contained the following spells:

 Spells                   Type           Power        Failure   Level  Hunger
 Ensorcelled Hibernation  Hex/Ice        #.....       73%         2    ###....
 Throw Frost              Conj/Ice       #.....       73%         2    ###....
 Corona                   Hex            #......      75%         1    ##.....
 Summon Small Mammal      Summ           #...         75%         1    ##.....
 Call Imp                 Summ           #.......     86%         2    ###....
 Call Canine Familiar     Summ           #.......     98%         3    ####...
 Confuse                  Hex            #.......     98%         3    ####...
 Dazzling Spray           Conj/Hex       #.....       98%         3    ####...
 Stone Arrow              Conj/Erth      #.....       98%         3    ####...
 Summon Guardian Golem    Hex/Summ       #.......     98%         3    ####...
 Tukima's Dance           Hex            #.......     98%         3    ####...
 Summon Ice Beast         Ice/Summ       #.......     100%        4    #####..
 Summon Lightning Spire   Summ/Air       #.......     100%        4    #####..


Dungeon Overview and Level Annotations

Branches:
Dungeon (11/15)            Temple (1/1) D:6            Lair (0/6) D:9
    Orc (0/2) D:10          Sewer (visited)         Ossuary (visited)

Altars:
Ashenzari
Cheibriados
Dithmenos
Elyvilon
Fedhas
Gozag
Hepliaklqana
Kikubaaqudgha
Makhleb
Nemelex Xobeh
Okawaru
Qazlal
Ru
Sif Muna
Trog
Uskayaw
Vehumet
Wu Jian
Xom
Yredelemnul
Zin
The Shining One

Shops:
D:2 *   D:5 (   D:8 !   D:9 [(**=

Annotations:
D:5 2 transporters
D:9 2 transporters, NeAGen181's ghost, novice TeSu
D:10 1 runed translucent door


Innate Abilities, Weirdness & Mutations

You reflexively headbutt those who attack you in melee.
You have a pair of horns on your head.


Message History

You are too injured to fight recklessly!
You are too injured to fight recklessly!
You are too injured to fight recklessly!
You sock the very large slime creature!
You headbutt the very large slime creature.
The very large slime creature is heavily wounded.
The very large slime creature hits you.
You block the very large slime creature's attack.
Your plate armour prevents you from hitting the very large slime creature.
The very large slime creature is heavily wounded.
The very large slime creature hits you!!
You sock the very large slime creature!
You headbutt the very large slime creature.
The very large slime creature is heavily wounded.
The very large slime creature hits you but does no damage.
You bludgeon the very large slime creature!!
You headbutt the very large slime creature!
The very large slime creature is severely wounded.
The very large slime creature hits you!!
You die...

##.#####.############...<......##
..................รท..............
#################################
#################################
................@J...............
####.################............
#.# #..........5. #.#
#...........J #.# #J........lJJ
####.####### #............
............ ...........<.
....)....... ....########.
............ ....# .


You could see a very large slime creature.

Vanquished Creatures
  A two-headed ogre (D:11)
  An unseen horror (D:11)
  A komodo dragon (D:9)
  A hornet (D:11)
  Grinder (D:5)
  2 slime creatures (D:10)
  4 yaks (D:7)
  Eustachio (D:6)
  2 hungry ghosts
  Menkaure (D:6)
  2 black bears
  A hornet zombie (D:8)
  An ice beast (D:10)
  A phantom (D:8)
  2 sky beasts
  2 ogres
  2 centaurs
  A big kobold (Sewer)
  3 elf zombies (Ossuary)
  4 bullfrogs
  A water moccasin zombie (D:8)
  4 scorpions
  A crimson imp (D:7)
  2 centaur zombies (Ossuary)
  2 hounds
  A centaur skeleton (D:7)
  A human zombie (Ossuary)
  2 jellies
  A bullfrog skeleton (D:10)
  3 iguanas
  4 orc wizards
  8 worker ants
  3 big kobold zombies (Ossuary)
  A hound skeleton (D:8)
  3 mummies (Ossuary)
  A howler monkey zombie (D:11)
  A worker ant zombie (D:7)
  17 adders
  6 river rats (Sewer)
  An ooze (D:2)
  2 adder zombies (Ossuary)
  A worm (D:3)
  5 leopard geckos
  10 orcs
  5 bats
  5 giant cockroaches
  10 goblins
  6 hobgoblins
  2 jackals (D:2)
  3 quokkas
  4 ball pythons
  6 frilled lizards
  2 gnoll zombies (Ossuary)
  3 goblin zombies (Ossuary)
  5 hobgoblin zombies (Ossuary)
  5 jackal zombies (Ossuary)
  20 kobolds
  2 kobold zombies (Ossuary)
  A leopard gecko skeleton (D:7)
  An orc zombie (Ossuary)
  5 quokka zombies (Ossuary)
  27 rats
  A rat zombie (Ossuary)
228 creatures vanquished.

Vanquished Creatures (others)
  A plant (D:9)
1 creature vanquished.

Grand Total: 229 creatures vanquished

Notes
Turn   | Place    | Note
-------+----------+-------------------------------------------
     0 | D:1      | Kagalorn the Minotaur Wanderer began the quest for the Orb.
     0 | D:1      | Kagalorn set off with the following items: a +2 mace, a +0
                  | robe, a ration; and the following spell memorised:
                  | Sandblast; and the following spells available to memorise:
                  | Ensorcelled Hibernation, Throw Frost, Stone Arrow
     0 | D:1      | Reached XP level 1. HP: 18/18 MP: 0/0
   123 | D:1      | Reached XP level 2. HP: 19/25 MP: 1/1
  1036 | D:2      | Found Zin's Purification Station.
  1040 | D:2      | Found a glowing silver altar of Zin.
  1084 | D:2      | Found a sparkling altar of Nemelex Xobeh.
  1087 | D:2      | Reached XP level 3. HP: 31/31 MP: 2/2
  1556 | D:2      | Reached XP level 4. HP: 26/38 MP: 3/3
  1835 | D:3      | Found an ancient bone altar of Kikubaaqudgha.
  2047 | D:3      | Reached XP level 5. HP: 37/46 MP: 4/4
  2390 | D:3      | Found a faded altar of an unknown god.
  2399 | D:3      | Became a worshipper of Cheibriados the Contemplative
  2399 | D:3      | Reached * piety under Cheibriados
  3340 | D:5      | Entered Level 5 of the Dungeon
  3422 | D:5      | Noticed Grinder
  3436 | D:5      | Killed Grinder
  3436 | D:5      | Reached skill level 5 in Fighting
  3436 | D:5      | Reached skill level 5 in Armour
  3436 | D:5      | Reached XP level 6. HP: 57/57 MP: 5/5
  3443 | D:5      | Found a sand-covered staircase.
  3459 | Ossuary  | Entered an ossuary
  3577 | Ossuary  | Reached XP level 7. HP: 57/63 MP: 6/6
  3622 | Ossuary  | Reached ** piety under Cheibriados
  3887 | D:5      | Found Ciec's Weapon Shoppe.
  3911 | D:5      | Found a snail-covered altar of Cheibriados.
  3969 | D:5      | Found a transporter.
  3970 | D:5      | Found a transporter.
  3984 | D:5      | Found a white marble altar of Elyvilon.
  3985 | D:5      | Found an iron altar of Okawaru.
  3985 | D:5      | Noticed a hog
  3986 | D:5      | Found a shimmering blue altar of Sif Muna.
  3999 | D:5      | Noticed a meliai
  3999 | D:5      | a hog changed into a meliai
  3999 | D:5      | Noticed a basilisk
  3999 | D:5      | a meliai changed into a basilisk
  4013 | D:5      | Noticed a rime drake
  4013 | D:5      | a basilisk changed into a rime drake
  4049 | D:5      | Reached XP level 8. HP: 71/74 MP: 7/7
  4285 | D:6      | Reached *** piety under Cheibriados
  4327 | D:6      | Found a glowing drain.
  4335 | D:6      | Noticed Menkaure
  4342 | D:6      | Killed Menkaure
  4422 | Sewer    | Entered a sewer
  4529 | Sewer    | Reached **** piety under Cheibriados
  4961 | D:6      | Noticed Eustachio
  4982 | D:6      | Killed Eustachio
  5161 | D:6      | Found a staircase to the Ecumenical Temple.
  5314 | Temple   | Entered the Ecumenical Temple
  5542 | D:7      | Reached ***** piety under Cheibriados
  5542 | D:7      | Reached XP level 9. HP: 85/85 MP: 8/8
  5557 | D:7      | Reached skill level 10 in Fighting
  5557 | D:7      | Reached skill level 10 in Armour
  5720 | D:7      | Found an opulent altar of Gozag.
  6438 | D:8      | Found a glowing golden altar of the Shining One.
  6444 | D:8      | Reached skill level 5 in Invocations
  6510 | D:8      | Found Rarrutwa's Distillery.
  6513 | D:8      | Bought a potion of agility for 48 gold pieces
  6513 | D:8      | Bought a potion of lignification for 36 gold pieces
  6513 | D:8      | Bought a potion of cancellation for 96 gold pieces
  6513 | D:8      | Bought a potion of ambrosia for 96 gold pieces
  6513 | D:8      | Bought a potion of berserk rage for 60 gold pieces
  7287 | D:9      | Found a staircase to the Lair.
  7288 | D:9      | Noticed a komodo dragon
  7318 | D:9      | Killed a komodo dragon
  7383 | D:9      | Found a transporter.
  7386 | D:9      | Noticed NeAGen181's ghost (novice TeSu)
  7386 | D:9      | Noticed a moth of wrath
  7386 | D:9      | Noticed a manticore
  7387 | D:9      | Noticed an ice dragon
  7414 | D:9      | Noticed a komodo dragon
  7476 | D:9      | Found Oborath's Assorted Antiques.
  7476 | D:9      | Found Mintix's Jewellery Shop.
  7481 | D:9      | Found Neyxzaef's Weapon Shop.
  7484 | D:9      | Bought a scroll labeled GOXUMY NISKI for 24 gold pieces
  7485 | D:9      | Found Rupseiq's Antique Armour Shop.
  7562 | D:9      | Found Ciohemo's Assorted Antiques.
  7566 | D:9      | Bought a scroll labeled WUV ASUCWE for 26 gold pieces
  7566 | D:9      | Bought a scroll labeled LUACKU JOUFIU for 26 gold pieces
  7566 | D:9      | Bought a scroll labeled LITOAL DOIVI for 26 gold pieces
  7661 | D:9      | Found a transporter.
  7835 | D:10     | Entered Level 10 of the Dungeon
  7841 | D:10     | Reached XP level 10. HP: 93/93 MP: 14/14
  8032 | D:10     | Found a staircase to the Orcish Mines.
  8221 | D:10     | Found a runed translucent door.
  8221 | D:10     | Noticed an ettin
  8221 | D:10     | Noticed a deep troll
  8221 | D:10     | Noticed a wolf spider
  8222 | D:10     | Noticed a stone giant
  8223 | D:10     | Noticed a deep troll earth mage
  8223 | D:10     | Noticed a phantasmal warrior
  8223 | D:10     | Noticed a deep elf mage
  8223 | D:10     | Noticed a wolf spider
  8331 | D:11     | Noticed a two-headed ogre
  8693 | D:11     | Killed an unseen horror
  8733 | D:11     | Killed a two-headed ogre
  8733 | D:11     | Reached skill level 10 in Invocations
  8817 | D:11     | Slain by a very large slime creature

Levels and vault maps discovered:
D:1:      erik_arrival_triangle_huge, layout_basic, chequers_arboretum
D:2:      minmay_wonky_spiral, layout_loops_ring, lemuel_coloured_pillars_altar,
          zin_purify, first_ration
D:3:      layout_basic, kiku_gazebo_garden_becter,
          chequers_ecumenical_altar_simple_redux
D:4:      layout_basic
D:5:      layout_loops_ring, lemuel_doored_altar,
          gammafunk_temple_overflow_arena, serial_shops, kennysheep_mini_moat,
          nicolae_ossuary_entry_plus, uniq_grinder
D:6:      layout_rooms, minmay_temple_entry_waves, gup_sewer_entry_glass,
          uniq_eustachio, uniq_menkaure
D:7:      layout_cave_pods, basic_altar
D:8:      layout_loops_corners, lemuel_crystal_altar, serial_shops,
          nicolae_shop_behind_doors
D:9:      layout_roguey, david_lair_shrubbed, gammafunk_ghost_berserking_beasts,
          serial_shops, nicolae_shop_stone, minmay_shop_grid_forest
D:10:     minmay_gate_of_8, layout_rooms, orc_0_dummy
D:11:     layout_small_grid
Temple:   eino_narrow_crystal_temple

Skill      XL: |  1  2  3  4  5  6  7  8  9 10 |
---------------+-------------------------------+-----
Fighting       | 3 4 5 6 7 9 10 | 10.0
Armour         | 3 4 5 6 7 9 10 | 10.0
Shields        | 2 3 4 |  4.0
Invocations    | 7 10 | 10.6
Maces & Flails | |  1.2
Ice Magic      | |  2.1
Evocations     | |  1.0

Action                   |  1- 3 |  4- 6 |  7- 9 | 10-12 || total
-------------------------+-------+-------+-------+-------++-------
Melee: Mace              |    77 |    64 |       |       ||   141
       Headbutt          |     9 |    24 |    93 |    31 ||   157
       Flail             |       |    62 |   318 |    65 ||   445
       Unarmed           |       |     6 |       |       ||     6
Throw: Dart              |       |       |     5 |     4 ||     9
  Use: Scroll            |       |       |    10 |       ||    10
       Potion            |       |       |     1 |       ||     1
  Eat: Chunk             |     2 |     4 |    10 |     1 ||    17
       Ration            |       |       |       |     1 ||     1
Armor: Robe              |     9 |       |       |       ||     9
       Ring mail         |    26 |    49 |    45 |       ||   120
       Plate armour      |       |       |   189 |    90 ||   279
Dodge: Dodged            |    56 |    49 |   141 |    23 ||   269
       Deflected         |       |       |     3 |       ||     3
Block: Buckler           |    10 |    22 |   117 |    28 ||   177
